 Dungeon Crawl Stone Soup version 0.18.1-50-g88ac8fd (webtiles) character file.

137 pandaman124 the Skirmisher (level 5, 0/47 HPs)
             Began as a Draconian Abyssal Knight on Oct 26, 2016.
             Was a Believer of Lugonu.
             Slain by subsume's ghost (11 damage)
             ... on level 3 of the Dungeon.
             The game lasted 00:04:04 (2205 turns).

pandaman124 the Skirmisher (DrAK)                   Turns: 2205, Time: 00:04:05

Health: 0/47       AC:  5    Str: 15    XL:     5   Next: 0%
Magic:  6/6        EV: 12    Int: 13    God:    Lugonu [**....]
Gold:   110        SH:  0    Dex: 10    Spells: 0 memorised, 4 levels left

rFire  . . .     SeeInvis .     a - +1 spear
rCold  . . .     Gourm    .     (armour unavailable)
rNeg   . . .     Faith    .     (no shield)
rPois  .         Spirit   .     (helmet restricted)
rElec  .         Dismiss  .     (no cloak)
rCorr  .         Reflect  .     (no gloves)
SustAt .         Harm     .     (no boots)
MR     .....                    (no amulet)
Stlth  +.........               (no ring)
                                (no ring)

@: not resistant to hostile enchantments, very unstealthy
A: unfitting armour, cold-blooded, AC +5
a: Depart the Abyss, Bend Space, Renounce Religion


You were on level 3 of the Dungeon.
You worshipped Lugonu.
Lugonu was pleased with you.
You were not hungry.

You visited 1 branch of the dungeon, and saw 3 of its levels.
You visited the Abyss 1 time.

You collected 110 gold pieces.

Inventory:

Hand Weapons
 a - a +1 spear (weapon)
Scrolls
 e - a scroll of random uselessness
 k - 2 scrolls of immolation
 r - a scroll of magic mapping
Potions
 c - a potion of curing
 d - a potion of ambrosia
 f - 2 potions of flight {unknown}
 h - a potion of heal wounds {unknown}
 l - a potion of invisibility {unknown}
 m - a potion of degeneration {unknown}
 n - a potion of brilliance {unknown}
 o - a potion of magic {unknown}
Comestibles
 b - 3 bread rations
 g - 2 beef jerkies
 i - 2 meat rations
 j - a royal jelly
 p - a chunk of flesh


   Skills:
 + Level 4.5 Fighting
 + Level 3.1 Polearms
 + Level 3.0 Dodging
 + Level 0.4 Stealth
 + Level 2.6 Invocations


You had 4 spell levels left.
You didn't know any spells.

Dungeon Overview and Level Annotations

Branches:
Dungeon (3/15)

Altars:
Yredelemnul

Annotations:
D:3 subsume's ghost, amateur GrMo


Innate Abilities, Weirdness & Mutations

Your plain brown scales are hard (AC +5).
Your body does not fit into most forms of armour.
You are cold-blooded and may be slowed by cold attacks.


Message History

Subsume's ghost is heavily damaged.
The bat hits you. Subsume's ghost hits you! The bat barely misses you.
You hit subsume's ghost.
Subsume's ghost is heavily damaged.
The bat misses you. Subsume's ghost hits you.
You feel better. The bat hits you but does no damage. Subsume's ghost hits you!
* * * LOW HITPOINT WARNING * * *
You hit subsume's ghost.
Subsume's ghost is heavily damaged.
The bat hits you but does no damage. Subsume's ghost hits you.
* * * LOW HITPOINT WARNING * * *
You hit subsume's ghost. You tail-slap subsume's ghost.
Subsume's ghost is severely damaged.
The bat hits you but does no damage. x2; Subsume's ghost misses you.
You barely miss subsume's ghost.
Subsume's ghost is severely damaged.
Subsume's ghost barely misses you. The bat hits you.
* * * LOW HITPOINT WARNING * * *
The bat misses you. Subsume's ghost hits you!
You die...

#. #. ..#
######..#
.......###
.........
#.#?..###
#bWr...<# #
#@#####.#
.##.####.#
.........#
.........#
.###.###<#####.#
.# ###.#
#.......# ...
...# #.#.###.#
#..###.###.#.#
#........>.#..


You could see subsume's ghost, a bat and a rat.

Vanquished Creatures
  Natasha (twice) (D:2)
  A gnoll (D:1)
  2 adders
  2 oozes
  2 worms (D:2)
  A dart slug (D:2)
  2 giant geckos
  An orc (D:3)
  3 bats
  2 giant cockroaches (D:1)
  5 goblins
  6 hobgoblins
  A ball python (D:1)
  5 kobolds
  11 rats
46 creatures vanquished.

Notes
Turn   | Place    | Note
--------------------------------------------------------------
     0 | Abyss:1  | pandaman124 the Draconian Abyssal Knight began the quest for the Orb.
     0 | Abyss:1  | Reached XP level 1. HP: 19/19 MP: 2/2
    32 | Abyss:1  | Found a corrupted altar of Lugonu.
    93 | Abyss:1  | Noticed a neqoxec
    93 | D:1      | Escaped the Abyss
   247 | D:1      | Reached * piety under Lugonu
   271 | D:1      | Reached XP level 2. HP: 26/26 MP: 3/3
   690 | D:1      | Reached XP level 3. HP: 4/33 MP: 4/4
  1293 | D:1      | Reached skill level 4 in Fighting
  1384 | D:2      | Noticed Natasha
  1388 | D:2      | Killed Natasha
  1388 | D:2      | Reached XP level 4. HP: 31/40 MP: 5/5
  1397 | D:2      | Reached ** piety under Lugonu
  1691 | D:2      | Found a basalt altar of Yredelemnul.
  1776 | D:2      | Noticed Natasha
  1788 | D:2      | Killed Natasha
  2171 | D:3      | Reached XP level 5. HP: 46/47 MP: 6/6
  2188 | D:3      | Noticed subsume's ghost (amateur GrMo)
  2205 | D:3      | Slain by subsume's ghost

Skill      XL: |  1  2  3  4 |
---------------+-------------+-----
Fighting       | 4 |  4.5
Polearms       | 3 |  3.1
Dodging        | 3 |  3.0
Stealth        | |  0.4
Invocations    | |  2.6

Action                   |  1- 3 |  4- 6 || total
-------------------------+-------+-------++-------
Melee: Spear             |   106 |    71 ||   177
       Tailslap          |    13 |    15 ||    28
Invok: Depart the Abyss  |     1 |       ||     1
  Use: Scroll            |     2 |     5 ||     7
       Potion            |       |     1 ||     1
 Stab: Sleeping          |       |     1 ||     1
  Eat: Chunk             |     2 |     2 ||     4
Armor: Skin              |    20 |    17 ||    37
Dodge: Dodged            |    58 |    39 ||    97
